 Dungeon Crawl Stone Soup version 0.26-a0-346-g33516b1736 (webtiles) character file.

Game seed: 691018566425052678

434 Glokmah the Fighter (level 7, 14/67 HPs)
             Began as a Gnoll Wanderer on July 17, 2020.
             Was an Initiate of Gozag.
             Quit the game on level 3 of the Dungeon.
             The game lasted 00:07:30 (2977 turns).

Glokmah the Fighter (Gnoll Wanderer)                Turns: 2977, Time: 00:07:30

Health: 14/67      AC: 11    Str: 16    XL:     7   Next: 0%
Magic:  19/19      EV:  7    Int: 12    God:    Gozag
Gold:   262        SH:  0    Dex: 17    Spells: 10/10 levels left

rFire    + . .     SeeInvis .   a - +2 dagger
rCold    x . .     Faith    .   (no shield)
rNeg     . . .     Spirit   .   t - +0 chain mail
rPois    .         Reflect  .   k - +0 helmet
rElec    .         Harm     .   (no cloak)
rCorr    .                      i - +0 pair of gloves
MR       .....                  (no boots)
Stlth    ..........             j - amulet of regeneration
HPRegen  0.61/turn              f - ring of magical power
MPRegen  0.16/turn              p - ring of fire

@: gold aura, heavily drained
A: distributed training, fangs 1, strong nose
a: Potion Petition, Call Merchant, Bribe Branch, Renounce Religion


You were on level 3 of the Dungeon.
You worshipped Gozag.
Gozag was aware of your devotion.
You visited 1 branch of the dungeon, and saw 3 of its levels.

You collected 278 gold pieces.
You paid 16 gold pieces to Gozag.

Inventory:

Hand Weapons
 a - a +2 dagger (weapon)
 c - a +0 quarterstaff
Missiles
 g - 94 stones
 l - a curare-tipped dart (quivered)
Armour
 i - a +0 pair of gloves (worn)
 k - a +0 helmet (worn)
 o - a +2 animal skin
 t - a +0 chain mail (worn)
Jewellery
 f - a ring of magical power (left hand)
 j - an amulet of regeneration (around neck)
 p - a ring of fire (right hand)
Scrolls
 e - a scroll of identify {unknown}
 r - a scroll of teleportation {unknown}
 u - a scroll of remove curse
 v - a scroll of enchant armour {unknown}
Potions
 b - a potion of degeneration {unknown}
 d - a potion of lignification
 h - a potion of curing {unknown}
 m - a potion of brilliance {unknown}
 n - a potion of mutation {unknown}
 q - a potion of flight {unknown}
 s - a potion of haste {unknown}


   Skills:
 + Level 10.5(8.6) Fighting
 + Level 2.1(0.6) Short Blades
 + Level 2.1(0.6) Long Blades
 + Level 2.1(0.6) Axes
 + Level 2.1(0.6) Maces & Flails
 + Level 2.1(0.6) Polearms
 + Level 3.4(1.8) Staves
 + Level 2.1(0.6) Slings
 + Level 2.1(0.6) Bows
 + Level 2.1(0.6) Crossbows
 + Level 3.4(1.8) Throwing
 + Level 5.1(3.4) Armour
 + Level 2.1(0.6) Dodging
 + Level 3.2(1.6) Stealth
 + Level 2.1(0.6) Shields
 + Level 2.1(0.6) Unarmed Combat
 + Level 2.1(0.6) Spellcasting
 + Level 1.7(0.2) Conjurations
 + Level 1.7(0.2) Hexes
   Level 0.0 Charms
 + Level 1.7(0.2) Summonings
 + Level 1.7(0.2) Necromancy
 + Level 1.7(0.2) Translocations
 + Level 1.7(0.2) Transmutations
 + Level 1.7(0.2) Fire Magic
 + Level 1.7(0.2) Ice Magic
 + Level 1.7(0.2) Air Magic
 + Level 1.7(0.2) Earth Magic
 + Level 1.7(0.2) Poison Magic
 + Level 2.4(0.8) Invocations
 + Level 2.1(0.6) Evocations


You had 10 spell levels left.
You didn't know any spells.
Your spell library was empty.

Dungeon Overview and Level Annotations

Branches:
Dungeon (3/15)

Altars:
Gozag
Uskayaw


Innate Abilities, Weirdness & Mutations

Your experience applies equally to all skills.
You have very sharp teeth.
Your uncanny sense of smell can sniff out nearby items.


Message History

* * * LOW HITPOINT WARNING * * *
You feel drained.
* * * LOW HITPOINT WARNING * * *
Your chain mail prevents you from hitting the wight.
The wight is almost destroyed.
The wight hits you with a cursed +3 short sword.
* * * LOW HITPOINT WARNING * * *
You closely miss the wight. You bite the wight, but do no damage.
The wight is almost destroyed.
The wight hits you with a cursed +3 short sword.
* * * LOW HITPOINT WARNING * * *
You feel drained.
You hit the wight.
You destroy the wight!
You have reached level 7!
You now have 262 gold pieces (gained 4).
Things that are here:
a cursed +3 short sword; a +0 robe You see here a +0 dagger.
Are you sure you want to abandon this character and quit the game? (Confirm with "yes".)

#.#.#######.# #####.#.# #.# .
#.....#.# #.#######. #.#####.#
#.#....... #.# #.# .#
#.#...[... #.#####.#
#.#.#.#....... #.......#
#.#.#.'.......
##############.###.#.###.......
#<.........).)@......###.......
########..####.................
#.......................
##.####.................
#......................
######.................
#.................
#.................
#################.


There were no monsters in sight!

Vanquished Creatures
  An ogre (D:1)
  2 wights (D:3)
  A jelly (D:3)
  Jessica (D:2)
  Natasha (D:3)
  Robin (D:2)
  8 adders
  2 worms (D:2)
  2 dart slugs
  4 leopard geckos
  5 orcs (D:3)
  7 giant cockroaches
  10 goblins
  9 hobgoblins
  2 jackals (D:3)
  5 kobolds
  A quokka (D:2)
  2 ball pythons (D:2)
  6 bats
  3 frilled lizards
  9 rats
82 creatures vanquished.

Notes
Turn   | Place    | Note
-------+----------+-------------------------------------------
     0 | D:1      | Reached skill level 10 in Fighting
     0 | D:1      | Glokmah the Gnoll Wanderer began the quest for the Orb.
     0 | D:1      | Glokmah set off with the following items: a +2 dagger, 2
                  | curare-tipped darts, a +0 quarterstaff, a potion of
                  | lignification, a +0 robe
     0 | D:1      | Reached XP level 1. HP: 28/28 MP: 1/1
   225 | D:1      | Reached XP level 2. HP: 35/35 MP: 2/2
   480 | D:1      | Reached XP level 3. HP: 42/42 MP: 3/3
   823 | D:2      | Noticed an ogre
   865 | D:1      | Killed an ogre
   865 | D:1      | Reached skill level 1 in Short Blades
   865 | D:1      | Reached skill level 1 in Long Blades
   865 | D:1      | Reached skill level 1 in Axes
   865 | D:1      | Reached skill level 1 in Maces & Flails
   865 | D:1      | Reached skill level 1 in Polearms
   865 | D:1      | Reached skill level 1 in Slings
   865 | D:1      | Reached skill level 1 in Bows
   865 | D:1      | Reached skill level 1 in Crossbows
   865 | D:1      | Reached skill level 1 in Dodging
   865 | D:1      | Reached skill level 1 in Shields
   865 | D:1      | Reached skill level 1 in Unarmed Combat
   865 | D:1      | Reached skill level 1 in Spellcasting
   865 | D:1      | Reached skill level 1 in Conjurations
   865 | D:1      | Reached skill level 1 in Hexes
   865 | D:1      | Reached skill level 1 in Summonings
   865 | D:1      | Reached skill level 1 in Necromancy
   865 | D:1      | Reached skill level 1 in Translocations
   865 | D:1      | Reached skill level 1 in Transmutations
   865 | D:1      | Reached skill level 1 in Fire Magic
   865 | D:1      | Reached skill level 1 in Ice Magic
   865 | D:1      | Reached skill level 1 in Air Magic
   865 | D:1      | Reached skill level 1 in Earth Magic
   865 | D:1      | Reached skill level 1 in Poison Magic
   865 | D:1      | Reached skill level 1 in Invocations
   865 | D:1      | Reached skill level 1 in Evocations
   865 | D:1      | Reached XP level 4. HP: 23/48 MP: 6/6
   865 | D:1      | Reached XP level 5. HP: 26/54 MP: 7/7
  1062 | D:2      | Noticed Jessica
  1094 | D:2      | Killed Jessica
  1255 | D:2      | Noticed Robin
  1323 | D:2      | Killed Robin
  1323 | D:2      | Reached XP level 6. HP: 56/61 MP: 8/8
  1421 | D:2      | Found an opulent altar of Gozag.
  1458 | D:2      | Became a worshipper of Gozag Ym Sagoz the Greedy
  2374 | D:3      | Found a hide-covered altar of Uskayaw.
  2736 | D:3      | Reached skill level 5 in Armour
  2781 | D:3      | Noticed Natasha
  2802 | D:3      | Killed Natasha
  2971 | D:3      | Reached XP level 7. HP: 11/67 MP: 10/10
  2977 | D:3      | Quit the game

Illustrated notes

Levels and vault maps discovered:
D:1:      dpeg_arrival_prison, layout_rooms
D:2:      layout_basic, nicolae_overflow_crystal_walls, uniq_robin, uniq_jessica
D:3:      layout_basic, nicolae_overflow_hidden_temple,
          lemuel_coloured_pillars_altar, uniq_natasha

Skill      XL: |  1  2  3  4  5  6 |
---------------+-------------------+-----
Fighting       | | 10.5
Short Blades   | 1 2 |  2.1
Long Blades    | 1 2 |  2.1
Axes           | 1 2 |  2.1
Maces & Flails | 1 2 |  2.1
Polearms       | 1 2 |  2.1
Slings         | 1 2 |  2.1
Bows           | 1 2 |  2.1
Crossbows      | 1 2 |  2.1
Dodging        | 1 2 |  2.1
Shields        | 1 2 |  2.1
Unarmed Combat | 1 2 |  2.1
Spellcasting   | 1 2 |  2.1
Conjurations   | 1 |  1.7
Hexes          | 1 |  1.7
Summonings     | 1 |  1.7
Necromancy     | 1 |  1.7
Translocations | 1 |  1.7
Transmutations | 1 |  1.7
Fire Magic     | 1 |  1.7
Ice Magic      | 1 |  1.7
Air Magic      | 1 |  1.7
Earth Magic    | 1 |  1.7
Poison Magic   | 1 |  1.7
Invocations    | 1 2 |  2.4
Evocations     | 1 2 |  2.1
Staves         | 3 |  3.4
Throwing       | 3 |  3.4
Stealth        | 3 |  3.2
Armour         | 5 |  5.1

Action                   |  1- 3 |  4- 6 |  7- 9 || total
-------------------------+-------+-------+-------++-------
Melee: Dagger            |    84 |   286 |       ||   370
       Bite              |    11 |    46 |       ||    57
Throw: Dart              |     1 |     2 |       ||     3
       Stone             |       |     1 |       ||     1
  Use: Scroll            |     2 |     1 |       ||     3
 Stab: Sleeping          |     5 |     8 |       ||    13
       Distracted        |       |     1 |       ||     1
Armor: Robe              |    16 |    53 |       ||    69
       Chain mail        |       |    59 |       ||    59
       Animal skin       |       |     5 |       ||     5
Dodge: Dodged            |    57 |   164 |       ||   221

Table legend:
 A = Non-vault XP
 B = Vault XP
 C = Vault XP percentage of total XP
 D = Non-vault monster count
 E = Vault monster count
 F = Vault count percentage of total count
                 A         B        C        D         E       F
            +---------+---------+-------+---------+---------+-------
      Total |     519 |     102 |  16.4 |      72 |      10 |  12.2
            +---------+---------+-------+---------+---------+-------
        D:1 |     164 |       2 |   1.2 |      20 |       1 |   4.8
        D:2 |     114 |      65 |  36.3 |      30 |       8 |  21.1
        D:3 |     241 |      35 |  12.7 |      22 |       1 |   4.3
            +---------+---------+-------+---------+---------+-------
